 Dungeon Crawl Stone Soup version 0.29.0-7-g18a832c13a (webtiles) character file.

Game seed: 5623118630573424526

23 xian the Firebug (level 3, 0/26 HPs)
             Began as a Human Wanderer on Sept 1, 2022.
             Slain by a jackal (2 damage)
             ... on level 2 of the Dungeon.
             The game lasted 00:02:52 (1443 turns).

xian the Firebug (Human Wanderer)                   Turns: 1443, Time: 00:02:53

Health: 0/26       AC:  5    Str: 18    XL:     3   Next: 10%
Magic:  4/4        EV:  6    Int: 11    God:
Gold:   43         SH:  9    Dex:  9    Spells: 3/4 levels left

rFire   . . .      SeeInvis .   n - +0 long sword
rCold   + . .      Faith    .   l - +0 tower shield
rNeg    . . .      Spirit   .   c - +0 ring mail
rPois   .          Reflect  .   (no helmet)
rElec   .          Harm     .   (no cloak)
rCorr   .          Rampage  .   (no gloves)
Will    .....                   (no boots)
Stlth   ..........              (no amulet)
HPRegen 0.08/turn               g - ring of protection from cold
MPRegen 0.09/turn               (no ring)

@: studying Throwing
A: no striking features
a: no special abilities


You were on level 2 of the Dungeon.
You visited 1 branch of the dungeon, and saw 2 of its levels.

You collected 43 gold pieces.

Inventory:

Hand Weapons
 n - a +0 long sword (weapon)
Armour
 c - a +0 ring mail (worn)
 l - a +0 tower shield (worn)
Jewellery
 g - a ring of protection from cold (left hand)
Scrolls
 b - 2 scrolls of blinking
 d - 2 scrolls of fog
 h - a scroll of vulnerability {unknown}
 i - 2 scrolls of teleportation {unknown}
 k - 3 scrolls of enchant armour {unknown}
 m - 3 scrolls of magic mapping {unknown}
Potions
 a - a potion of brilliance {unknown}
 e - a potion of berserk rage
 f - a potion of degeneration {unknown}
 j - 2 potions of curing {unknown}
 o - a potion of lignification {unknown}


   Skills:
 * Level 1.4 Fighting
 * Level 0.2 Long Blades
 + Level 2.0 Armour
 + Level 1.0 Dodging
 + Level 0.2 Stealth
 * Level 0.9 Shields
 - Level 2.0 Unarmed Combat
 + Level 1.0 Spellcasting
 + Level 0.1 Conjurations
 - Level 2.4 Fire Magic
 + Level 1.2 Evocations


You had 3 spell levels left.
You knew the following spells:

 Your Spells              Type           Power      Damage    Failure   Level
a - Foxfire               Conj/Fire      12%        2x1d4     99%         1

Your spell library contained the following spells:

 Spells                   Type           Power      Damage    Failure   Level
 Inner Flame              Hex/Fire       3%         N/A       100%        3


Dungeon Overview and Level Annotations

Branches:
Dungeon (2/15)

Altars:


Message History

The jackal bites you but does no damage. x4
You block the jackal's attack. The jackal barely misses you. x2
You closely miss the jackal.
The jackal is almost dead.
The jackal bites you but does no damage.
You block the jackal's attack. x2; The jackal bites you.
The jackal barely misses you.
The jackal bites you but does no damage. x3
You closely miss the jackal.
The jackal is almost dead.
You block the jackal's attack. The jackal bites you.
You block the jackal's attack.
The jackal bites you but does no damage.
The jackal bites you.
The jackal bites you but does no damage.
The jackal barely misses you. The jackal attacks as you move away!
The jackal bites you. The jackal attacks as you move away!
The jackal barely misses you. You block the jackal's attack.
You closely miss the jackal.
The jackal bites you but does no damage.
The jackal barely misses you.
The jackal bites you but does no damage. x2
You barely miss the jackal. The jackal bites you.
The jackal closely misses you. The jackal barely misses you.
You closely miss the jackal.
The jackal is almost dead.
You block the jackal's attack. The jackal bites you.
* * * LOW HITPOINT WARNING * * *
The jackal bites you.
* * * LOW HITPOINT WARNING * * *
You block the jackal's attack.
You hit the jackal but do no damage.
The jackal is severely wounded.
You block the jackal's attack. x2
The jackal bites you but does no damage. x2
The jackal bites you.
* * * LOW HITPOINT WARNING * * *
The jackal bites you.
You die...

###### #...... #.
###.....## . ..
#hh....... ##.#.
##@#.....##
...#.####..h#...##
..........#....##
...#....#...#### #
##......##
#.##......#
#.........#
####.....##
#.†...#


You could see 3 jackals.

Vanquished Creatures
  4 endoplasms (D:1)
  A giant cockroach (D:2)
  4 goblins
  3 hobgoblins
  3 ball pythons (D:1)
  A frilled lizard (D:1)
  5 rats
21 creatures vanquished.

Vanquished Creatures (others)
  9 foxfires (D:1)
9 creatures vanquished.

Grand Total: 30 creatures vanquished

Notes
Turn   | Place    | Note
-------+----------+-------------------------------------------
     0 | D:1      | xian the Human Wanderer began the quest for the Orb.
     0 | D:1      | xian set off with the following items: a +0 club, a scroll
                  | of blinking, a +0 ring mail, a scroll of fog, a potion of
                  | berserk rage; and the following spell memorised: Foxfire;
                  | and the following spells available to memorise: Inner
                  | Flame.
     0 | D:1      | Reached XP level 1. HP: 15/15 MP: 2/2
   300 | D:1      | Reached XP level 2. HP: 18/21 MP: 0/3
  1411 | D:2      | Reached XP level 3. HP: 26/26 MP: 4/4
  1443 | D:2      | Slain by a jackal

Illustrated notes

Levels and vault maps discovered:
D:1:      kilobyte_arrival_exit_the_forest, layout_basic, serial_park_tiny_1
D:2:      layout_loops_ring, serial_shops, nicolae_shop_behind_doors,
          ebering_ecumenical_altar_abandoned, basic_altar, serial_bayou_pond_a

Action                   || total
-------------------------++-------
Melee: Club              ||    41
       Long sword        ||    26
 Cast: Foxfire           ||     7
Armor: Ring mail         ||    35
Dodge: Dodged            ||    36
Block: Tower shield      ||    50
